BSA
NEW ORLEANS LOOTERS @ CHICAGO MACHINE
07/20/2024
 
TOP OF THE 1ST
New Orleans Looters batting - Pitching for Chicago Machine : RHP Teruo Sato
Pitching: RHP Teruo Sato
Batting: RHB Francisco Ibarra 0-0: Ball
1-0: Foul Ball, location: 2F
1-1: Ground out 5-3 (Groundball, 5)
Batting: LHB José Esparza 0-0: Foul Ball, location: 2F
0-1: Called Strike
0-2: Ball
1-2: Foul Ball, location: 2F
1-2: Foul Ball, location: 2F
1-2: Ground out 4-3 (Groundball, 34)
Batting: RHB Stephen Shaw 0-0: Ground out 6-3 (Groundball, 6)
Top of the 1st over - 0 run(s), 0 hit(s), 0 error(s), 0 left on base; New Orleans 0 - Chicago 0
BOTTOM OF THE 1ST
Chicago Machine batting - Pitching for New Orleans Looters : RHP Robbie Daniel
Pitching: RHP Robbie Daniel
Batting: SHB Joaquín López 0-0: Ball
1-0: Ground out 4-3 (Groundball, 4)
Batting: LHB José Antonio Santiago 0-0: Ball
1-0: Fly out, F7 (Popup, 56D)
Batting: LHB Domingo Flores 0-0: Called Strike
0-1: Foul Ball, location: 2F
0-2: Ball
1-2: Foul Ball, location: 2F
1-2: SINGLE (Groundball, 34S)
Batting: RHB Derek Ramsey 0-0: Called Strike
0-1: DOUBLE (Flyball, 89XD)
Domingo Flores to third
Batting: RHB Fabrice Brodeur 0-0: Ball
1-0: Swinging Strike
1-1: Ball
2-1: Foul Ball, location: 2F
2-2: Ball
3-2: Ground out 5-3 (Groundball, 5)
Bottom of the 1st over - 0 run(s), 2 hit(s), 0 error(s), 2 left on base; New Orleans 0 - Chicago 0
TOP OF THE 2ND
New Orleans Looters batting - Pitching for Chicago Machine : RHP Teruo Sato
Batting: SHB Oliver Deleón 0-0: Ball
1-0: Ball
2-0: Called Strike
2-1: Ball
3-1: Base on Balls
Batting: RHB Jimmy Simon 0-0: Swinging Strike
0-1: Ball
1-1: Called Strike
1-2: Foul Ball, location: 2F
1-2: Foul Ball, location: 2F
1-2: Fly out, F9 (Flyball, 89S)
Batting: LHB Fernando Ramos 0-0: Called Strike
0-1: Ball
1-1: Foul Ball, location: 2F
1-2: Ball
2-2: Strikes out swinging
Batting: SHB Toshinobu Tanaka 0-0: Called Strike
0-1: SINGLE (Groundball, 34D)
Oliver Deleón to second
Runner from 2nd tries for 3rd, SAFE, throw made to third
Batting: LHB Miguel Castillo 0-0: Ball
1-0: Ball
2-0: Foul Ball, location: 2F
2-1: Ball
3-1: Called Strike
3-2: Strikes out looking
Top of the 2nd over - 0 run(s), 1 hit(s), 0 error(s), 2 left on base; New Orleans 0 - Chicago 0
BOTTOM OF THE 2ND
Chicago Machine batting - Pitching for New Orleans Looters : RHP Robbie Daniel
Batting: LHB Marcos Vargas 0-0: Ball
1-0: Ball
2-0: Foul Ball, location: 2F
2-1: Called Strike
2-2: Strikes out swinging
Batting: RHB Edward Young 0-0: Foul Ball, location: 2F
0-1: Fly out, F7 (Flyball, 78XD)
Batting: LHB Bob Smith 0-0: Ball
1-0: Called Strike
1-1: Fly out, F9 (Flyball, 9D)
Bottom of the 2nd over - 0 run(s), 0 hit(s), 0 error(s), 0 left on base; New Orleans 0 - Chicago 0
TOP OF THE 3RD
New Orleans Looters batting - Pitching for Chicago Machine : RHP Teruo Sato
Batting: RHB Dave O'Loan 0-0: Called Strike
0-1: Swinging Strike
0-2: TRIPLE (Line Drive, 78D)
Batting: RHB Francisco Ibarra 0-0: Ball
1-0: SINGLE (Groundball, 34D)
Dave O'Loan scores
Batting: LHB José Esparza 0-0: Ball
1-0: Ball
2-0: Ball
3-0: Called Strike
3-1: Called Strike
3-2: Base on Balls
Francisco Ibarra to second
Batting: RHB Stephen Shaw 0-0: Swinging Strike
0-1: Foul Ball, location: 2F
0-2: Foul Ball, location: 2F
0-2: Ball
1-2: Foul Ball, location: 2F
1-2: Ball
2-2: Grounds into double play, 6-4-3 (Groundball, 6)
Francisco Ibarra to third
Batting: SHB Oliver Deleón 0-0: Ball
1-0: Ball
2-0: Foul Ball, location: 2F
2-1: SINGLE (Groundball, 6MD)
Francisco Ibarra scores
Batting: RHB Jimmy Simon 0-0: Foul Ball, location: 2F
0-1: Swinging Strike
0-2: SINGLE (Groundball, 4M)
Oliver Deleón to second
Runner from 2nd tries for 3rd, SAFE, throw made to third
Jimmy Simon to second
Batting: LHB Fernando Ramos 0-0: Called Strike
0-1: DOUBLE (Line Drive, 5L)
Oliver Deleón scores
Jimmy Simon scores
Batting: SHB Toshinobu Tanaka 0-0: Ground out 4-3 (Groundball, 4)
Top of the 3rd over - 4 run(s), 5 hit(s), 0 error(s), 1 left on base; New Orleans 4 - Chicago 0
BOTTOM OF THE 3RD
Chicago Machine batting - Pitching for New Orleans Looters : RHP Robbie Daniel
Batting: RHB Rick Ayliffe 0-0: Ball
1-0: Foul Ball, location: 2F
1-1: Ball
2-1: Foul Ball, location: 2F
2-2: Strikes out swinging
Batting: SHB Joaquín López 0-0: Ball
1-0: Ball
2-0: Swinging Strike
2-1: Called Strike
2-2: Ground out 1-3 (Groundball, 15)
Batting: LHB José Antonio Santiago 0-0: Ball
1-0: Called Strike
1-1: Foul Ball, location: 2F
1-2: Ground out 6-3 (Groundball, 6)
Bottom of the 3rd over - 0 run(s), 0 hit(s), 0 error(s), 0 left on base; New Orleans 4 - Chicago 0
TOP OF THE 4TH
New Orleans Looters batting - Pitching for Chicago Machine : RHP Teruo Sato
Batting: LHB Miguel Castillo 0-0: Called Strike
0-1: Ball
1-1: Fly out, F9 (Flyball, 9D)
Batting: RHB Dave O'Loan 0-0: Ball
1-0: Called Strike
1-1: Ball
2-1: Swinging Strike
2-2: Foul Ball, location: 2F
2-2: Ball
3-2: Ground out 6-3 (Groundball, 6)
Batting: RHB Francisco Ibarra 0-0: Ball
1-0: Called Strike
1-1: Foul Ball, location: 2F
1-2: Ball
2-2: Foul Ball, location: 2F
2-2: Ball
3-2: Foul Ball, location: 2F
3-2: DOUBLE (Line Drive, 89D)
Batting: LHB José Esparza 0-0: Foul Ball, location: 2F
0-1: Called Strike
0-2: Ball
1-2: DOUBLE (Line Drive, 9LS)
Francisco Ibarra scores
Batting: RHB Stephen Shaw 0-0: Ball
1-0: Called Strike
1-1: Swinging Strike
1-2: Foul Ball, location: 2F
1-2: Ball
2-2: SINGLE (Line Drive, 78S)
José Esparza to third
Runner from 3rd tries for Home, SAFE, no throw or cutoff
Batting: SHB Oliver Deleón 0-0: Called Strike
0-1: Fielders Choice at 2nd, 5-4 (Groundball, 56)
Top of the 4th over - 2 run(s), 3 hit(s), 0 error(s), 0 left on base; New Orleans 6 - Chicago 0
BOTTOM OF THE 4TH
Chicago Machine batting - Pitching for New Orleans Looters : RHP Robbie Daniel
Batting: LHB Domingo Flores 0-0: Called Strike
0-1: Ball
1-1: Called Strike
1-2: Ground out 1-3 (Groundball, 13)
Batting: RHB Derek Ramsey 0-0: Ball
1-0: Called Strike
1-1: Ball
2-1: Foul Ball, location: 2F
2-2: SINGLE (Line Drive, 56D)
Batting: RHB Fabrice Brodeur 0-0: Ball
1-0: Called Strike
1-1: Foul Ball, location: 2F
1-2: Ball
2-2: Grounds into double play, 6-4-3 (Groundball, 6)
Bottom of the 4th over - 0 run(s), 1 hit(s), 0 error(s), 0 left on base; New Orleans 6 - Chicago 0
TOP OF THE 5TH
New Orleans Looters batting - Pitching for Chicago Machine : RHP Teruo Sato
Batting: RHB Jimmy Simon 0-0: Ball
1-0: Ground out 4-3 (Groundball, 4M)
Batting: LHB Fernando Ramos 0-0: Called Strike
0-1: Called Strike
0-2: Ball
1-2: Ball
2-2: Strikes out looking
Batting: SHB Toshinobu Tanaka 0-0: Ball
1-0: Swinging Strike
1-1: Ground out 6-3 (Groundball, 6M)
Top of the 5th over - 0 run(s), 0 hit(s), 0 error(s), 0 left on base; New Orleans 6 - Chicago 0
BOTTOM OF THE 5TH
Chicago Machine batting - Pitching for New Orleans Looters : RHP Robbie Daniel
Batting: LHB Marcos Vargas 0-0: Ball
1-0: Ball
2-0: Ball
3-0: Called Strike
3-1: Called Strike
3-2: Foul Ball, location: 2F
3-2: Ground out 4-3 (Groundball, 4)
Batting: RHB Edward Young 0-0: Ball
1-0: Ball
2-0: Ball
3-0: Base on Balls
Batting: LHB Bob Smith 0-0: Ball
1-0: Called Strike
1-1: Called Strike
1-2: Foul Ball, location: 2F
1-2: Ball
2-2: Fly out, F6 (Popup, 6)
Batting: RHB Rick Ayliffe 0-0: Called Strike
0-1: Foul Ball, location: 2F
0-2: Fielders Choice at 2nd, 5-4 (Groundball, 5)
Bottom of the 5th over - 0 run(s), 0 hit(s), 0 error(s), 0 left on base; New Orleans 6 - Chicago 0
TOP OF THE 6TH
New Orleans Looters batting - Pitching for Chicago Machine : RHP Teruo Sato
Pitching: RHP Manny Muñóz
Batting: LHB Miguel Castillo 0-0: Called Strike
0-1: Ground out 5-3 (Groundball, 15S)
Batting: RHB Dave O'Loan 0-0: Foul Ball, location: 2F
0-1: Ground out 6-3 (Groundball, 6MS)
Batting: RHB Francisco Ibarra 0-0: SOLO HOME RUN (Flyball, 8RXD), Distance : 431 ft
Batting: LHB José Esparza 0-0: Ball
1-0: Ball
2-0: Ball
3-0: Base on Balls
Batting: RHB Stephen Shaw 0-0: Foul Ball, location: 2F
0-1: Foul Ball, location: 2F
0-2: Ball
Passed Ball!
José Esparza to second
1-2: Strikes out swinging
Top of the 6th over - 1 run(s), 1 hit(s), 0 error(s), 1 left on base; New Orleans 7 - Chicago 0
BOTTOM OF THE 6TH
Chicago Machine batting - Pitching for New Orleans Looters : RHP Robbie Daniel
Batting: SHB Joaquín López 0-0: Ball
1-0: Ball
2-0: Fly out, F6 (Popup, 56D)
Batting: LHB José Antonio Santiago 0-0: Ball
1-0: Ground out 6-3 (Groundball, 6M)
Batting: LHB Domingo Flores 0-0: Called Strike
0-1: Foul Ball, location: 2F
0-2: Ball
1-2: Ball
2-2: Strikes out swinging
Bottom of the 6th over - 0 run(s), 0 hit(s), 0 error(s), 0 left on base; New Orleans 7 - Chicago 0
TOP OF THE 7TH
New Orleans Looters batting - Pitching for Chicago Machine : RHP Manny Muñóz
Batting: SHB Oliver Deleón 0-0: Ground out 6-3 (Groundball, 6)
Batting: RHB Jimmy Simon 0-0: Foul Ball, location: 2F
0-1: Ball
1-1: Ball
2-1: Ball
3-1: Foul Ball, location: 2F
3-2: Fly out, F9 (Flyball, 89M)
Batting: LHB Fernando Ramos 0-0: Called Strike
0-1: Swinging Strike
0-2: Ball
1-2: Strikes out swinging
Top of the 7th over - 0 run(s), 0 hit(s), 0 error(s), 0 left on base; New Orleans 7 - Chicago 0
BOTTOM OF THE 7TH
Chicago Machine batting - Pitching for New Orleans Looters : RHP Robbie Daniel
Batting: RHB Derek Ramsey 0-0: Ball
1-0: Ball
2-0: Foul Ball, location: 2F
2-1: Foul Ball, location: 2F
2-2: Ground out 4-3 (Groundball, 4)
Batting: RHB Fabrice Brodeur 0-0: Foul Ball, location: 2F
0-1: Ball
1-1: Fly out, F8 (Flyball, 8LM)
Batting: LHB Marcos Vargas 0-0: Called Strike
0-1: Ball
1-1: Ball
2-1: Ball
3-1: SINGLE (Line Drive, 34)
Batting: RHB Edward Young 0-0: Ball
1-0: Ground out 4-3 (Groundball, 4)
Bottom of the 7th over - 0 run(s), 1 hit(s), 0 error(s), 1 left on base; New Orleans 7 - Chicago 0
TOP OF THE 8TH
New Orleans Looters batting - Pitching for Chicago Machine : RHP Manny Muñóz
Pitching: RHP Clint Tancock
Batting: SHB Toshinobu Tanaka 0-0: Ground out 6-3 (Groundball, 6)
Batting: LHB Miguel Castillo 0-0: Called Strike
0-1: Ball
1-1: Ball
2-1: Ball
3-1: Base on Balls
Batting: RHB Dave O'Loan 0-0: Ball
Wild Pitch!
Miguel Castillo to second
1-0: Ball
2-0: Swinging Strike
2-1: Ball
3-1: Ground out 6-3 (Groundball, 6)
Batting: RHB Francisco Ibarra 0-0: Ball
1-0: Called Strike
1-1: Ground out 6-3 (Groundball, 6)
Top of the 8th over - 0 run(s), 0 hit(s), 0 error(s), 1 left on base; New Orleans 7 - Chicago 0
BOTTOM OF THE 8TH
Chicago Machine batting - Pitching for New Orleans Looters : RHP Robbie Daniel
Batting: LHB Bob Smith 0-0: Ball
1-0: Called Strike
1-1: Ball
2-1: Ground out U3 (Groundball, 3)
Batting: RHB Rick Ayliffe 0-0: Ball
1-0: Called Strike
1-1: Ball
2-1: Ground out 4-3 (Groundball, 34)
Batting: SHB Joaquín López 0-0: Ball
1-0: Called Strike
1-1: Ground out 4-3 (Groundball, 4)
Bottom of the 8th over - 0 run(s), 0 hit(s), 0 error(s), 0 left on base; New Orleans 7 - Chicago 0
TOP OF THE 9TH
New Orleans Looters batting - Pitching for Chicago Machine : RHP Clint Tancock
Batting: LHB José Esparza 0-0: Swinging Strike
0-1: SINGLE (Flyball, 8LS)
Batting: RHB Stephen Shaw 0-0: Called Strike
Throwing error on steal attempt, E2
José Esparza to third
0-1: Called Strike
0-2: Ball
1-2: Ball
Wild Pitch!
José Esparza scores
2-2: Ball
3-2: Foul Ball, location: 2F
3-2: Foul Ball, location: 2F
3-2: Fly out, F8 (Flyball, 8RD)
Batting: SHB Oliver Deleón 0-0: Ball
1-0: Called Strike
1-1: DOUBLE (Line Drive, 7LS)
Batting: RHB Jimmy Simon 0-0: Ball
1-0: Called Strike
1-1: Swinging Strike
1-2: Foul Ball, location: 2F
1-2: DOUBLE (Flyball, 78XD)
Oliver Deleón scores
Batting: LHB Fernando Ramos 0-0: Ball
1-0: Ball
2-0: Called Strike
2-1: Ball
3-1: Foul Ball, location: 2F
3-2: Foul Ball, location: 2F
3-2: Ground out 6-3 (Groundball, 6M)
Jimmy Simon to third
Batting: SHB Toshinobu Tanaka 0-0: Called Strike
0-1: Ground out 4-3 (Groundball, 34)
Top of the 9th over - 2 run(s), 3 hit(s), 1 error(s), 1 left on base; New Orleans 9 - Chicago 0
BOTTOM OF THE 9TH
Chicago Machine batting - Pitching for New Orleans Looters : RHP Robbie Daniel
Pitching: RHP Keith Harper
Now at C: Dominic Turner
Batting: LHB José Antonio Santiago 0-0: Ball
1-0: Called Strike
1-1: Ball
2-1: Foul Ball, location: 2F
2-2: Ball
3-2: Base on Balls
Batting: LHB Domingo Flores 0-0: Ball
1-0: Foul Ball, location: 2F
1-1: Foul Ball, location: 2F
1-2: Strikes out looking
Batting: RHB Derek Ramsey 0-0: Grounds into double play, 5-4-3 (Groundball, 56)
Bottom of the 9th over - 0 run(s), 0 hit(s), 0 error(s), 0 left on base; New Orleans 9 - Chicago 0
This league is powered by Out of the Park Baseball, the baseball management simulation game for PC, Mac and Linux
Saturday, April 9th, 2016 - OOTP Baseball 16.8 Build 38